cohdb
Replays
Latest Replays
All Replays
Popular Replays
Top Player Replays
Match Explorer
How It Works
Community
CoH3 Stats
Reddit
Sign in to upload your games and track your stats! →
Sign in with Steam
Match 41504209
Unlisted
Match 41504209
Overview
Messages
Build Orders
End
Panzergrenadier Squad
Panzergrenadier Squad
250 Light Carrier
Construct Light Support Kompanie
MG34 Team
Fire Support Elements
Combat Half-tracks
Flakvierling Half-track
Panzerjäger Mechanized Group
Panzergrenadier Squad
Assault Grenadier Squad
Selects Panzerjäger Kommand Battlegroup
Selects Tank Busters
Selects Mine Fields
Selects Defensive Positions
Vehicle Survival Package
Construct Panzerarmee Kommand
Panzer III L Medium Tank
Assault Mechanized Group
Panzer III L Medium Tank
Panzer III L Medium Tank
カルト_くん
Mr.Nobody
ShoulderGuy
Trivolka
0
0
Comments
sign in to comment!
No comments posted yet!